 Dungeon Crawl Stone Soup version 0.17.1-3-g152610e (webtiles) character file.

3813 Gargoyl the Protected (level 9, -1/71 HPs)
             Began as a Demonspawn Abyssal Knight on Apr 6, 2016.
             Was a High Priest of Lugonu.
             Slain by Erolcha
             ... wielding a +0 giant spiked club
              (3 damage)
             ... on level 8 of the Dungeon.
             The game lasted 00:23:40 (8200 turns).

Gargoyl the Protected (Demonspawn Abyssal Knight)   Turns: 8200, Time: 00:23:40

Health: -1/71      AC: 24    Str: 21    XL:     9   Next: 97%
Magic:  11/11      EV: 15    Int: 14    God:    Lugonu [*****.]
Gold:   455        SH:  0    Dex: 17    Spells: 0 memorised, 8 levels left

rFire  + . .     SeeInvis +     b - +2 battleaxe
rCold  . . .     Clarity  .     a - +3 storm dragon armour
rNeg   . . .     SustAt   .     (shield currently unavailable)
rPois  .         Gourm    .     (helmet restricted)
rElec  +         Spirit   .     f - +2 cloak
rCorr  .         Warding  .     (no gloves)
rMut   .         Stasis   .     (no boots)
MR     .....                    (no amulet)
Stlth  +.........               t - ring of see invisible
                                g - ring of stealth

@: mighty, agile, not resistant to hostile enchantments, very unstealthy
A: antennae 1, molten scales 3, powered by death 1, powered by pain 1
a: Depart the Abyss, Bend Space, Banish, Corrupt, Enter the Abyss, Renounce
Religion


You were on level 8 of the Dungeon.
You worshipped Lugonu.
Lugonu was extremely pleased with you.
You were hungry.

You visited 1 branch of the dungeon, and saw 8 of its levels.
You visited the Abyss 1 time.

You collected 455 gold pieces.

Inventory:

Hand Weapons
 b - a +2 battleaxe (weapon)
 r - a +1 spear of venom
 w - a +0 hand axe of flaming
 J - a +0 war axe
Missiles
 s - 10 tomahawks (quivered)
Armour
 a - a +3 storm dragon armour (worn)
 f - a +2 cloak (worn)
Jewellery
 g - a ring of stealth (left hand)
 t - a ring of see invisible (right hand)
 y - an uncursed amulet of resist corrosion {unknown}
Wands
 m - a wand of random effects (12)
 C - a wand of magic darts (31)
 I - a wand of frost (5)
Scrolls
 d - 2 scrolls of teleportation
 h - 4 scrolls of identify
 i - 3 scrolls of remove curse
 j - 3 scrolls of amnesia
 q - 2 scrolls of blinking
 u - 2 scrolls of fear
Potions
 e - 2 potions of curing {unknown}
 k - 2 potions of heal wounds
 l - 3 potions of brilliance {unknown}
 n - a potion of lignification {unknown}
 p - 2 potions of degeneration {unknown}
 v - 2 potions of poison {unknown}
 x - 3 potions of might
 z - 2 potions of cure mutation {unknown}
 A - a potion of magic {unknown}
 E - a potion of flight {unknown}
 F - a potion of invisibility
Books
 o - a book of Cantrips

   Spells                             Type                      Level
   a - Corona                         Hexes                        1
   b - Animate Skeleton               Necromancy                   1
   c - Summon Small Mammal            Summoning                    1
   d - Apportation                    Translocation                1
Comestibles
 c - 7 bread rations
 B - 3 fruits
 D - 5 meat rations
 G - 6 beef jerkies
 H - a slice of pizza


   Skills:
 + Level 6.8 Fighting
 + Level 4.4(5.2) Axes
 + Level 4.2(5.1) Polearms
 * Level 9.0 Armour
 + Level 4.6 Dodging
 + Level 1.8 Stealth
 + Level 2.9 Invocations


You had 8 spell levels left.
You didn't know any spells.

Dungeon Overview and Level Annotations

Branches:
Dungeon (8/15)             Temple (0/1) D:7
   Lair: D:8-11

Altars:
Ashenzari
Fedhas
Gozag
Ru
Trog
Vehumet
Xom
Yredelemnul
Zin
The Shining One

Annotations:
D:8 Erolcha


Innate Abilities, Weirdness & Mutations

You have a pair of small antennae on your head.
You are completely covered in molten scales (AC +4, EV -1, rF+).
You regenerate a little health from kills.
You sometimes gain a little power by taking damage.


Message History

Erolcha hits you with a giant spiked club. x2
Erolcha hits you but does no damage.
You can move again.
Your +1 spear of venom stops dripping with poison.
b - a +2 battleaxe (weapon)
You hit Erolcha.
Erolcha is lightly wounded.
Erolcha hits you with a giant spiked club!!
Erolcha points at you and mumbles some strange words.
The puff of flame misses you.
You slash Erolcha!
Erolcha is heavily wounded.
Erolcha hits you with a giant spiked club!!
* * * LOW HITPOINT WARNING * * *
You focus on the pain.
You feel agile all of a sudden.
You slash Erolcha!
Erolcha is severely wounded.
Erolcha hits you with a giant spiked club.
You die...

...#....#.....))...##.....#
...#....#......†...##.....##
...#######..........#......#
...# #..........'.....##
...# ####'###....#.....#
#......######.....#
#...........#.....#
....).........#######
.......[...@O......
...................
..........#####....
....##+#### ... ... ..


You could see Erolcha.

Vanquished Creatures
  Joseph (D:7)
  Prince Ribbit (D:5)
  Sigmund (D:5)
  A hippogriff (D:7)
  Menkaure (D:7)
  An orc warrior (D:7)
  A phantom (D:4)
  5 ogres
  3 centaurs (D:6)
  An ice beast (D:6)
  5 giant frogs
  2 scorpions (D:7)
  3 wights (D:8)
  2 crimson imps
  A centaur zombie (D:4)
  3 giant frog zombies
  6 orc priests
  A jelly (D:6)
  Ijyb (D:4)
  2 centaur skeletons (D:4)
  2 hounds
  Terence (D:3)
  2 iguanas (D:5)
  9 orc wizards
  3 worker ants
  2 hound skeletons
  3 worker ant zombies
  Robin (D:4)
  7 adders
  12 gnolls
  A shadow imp (D:6)
  3 oozes
  An adder zombie (D:7)
  An adder skeleton (D:4)
  4 worms
  3 giant geckos
  33 orcs
  4 giant cockroaches
  11 goblins
  9 hobgoblins
  21 jackals
  13 kobolds
  5 quokkas
  2 ball pythons (D:2)
  4 bats
  A giant gecko skeleton (D:5)
  5 giant newts
  A quokka skeleton (D:7)
  A quokka zombie (D:4)
  3 rats
210 creatures vanquished.

Notes
Turn   | Place    | Note
--------------------------------------------------------------
     0 | Abyss:1  | Gargoyl the Demonspawn Abyssal Knight began the quest for the Orb.
     0 | Abyss:1  | Reached XP level 1. HP: 18/18 MP: 2/2
   149 | Abyss:1  | Noticed an ancient zyme
   176 | Abyss:2  | Noticed a large abomination
   176 | D:1      | Escaped the Abyss
   545 | D:1      | Reached skill level 1 in Dodging
   667 | D:1      | Gained mutation: You are partially covered in molten scales (AC +1). [demonic ancestry]
   667 | D:1      | Reached XP level 2. HP: 24/24 MP: 3/3
  1153 | D:1      | You fall through a shaft!
  1200 | D:2      | Found a shattered altar of Ashenzari.
  1203 | D:2      | Found a sacrificial altar of Ru.
  1206 | D:2      | Found a radiant altar of Vehumet.
  1209 | D:2      | Found a basalt altar of Yredelemnul.
  1293 | D:2      | Reached * piety under Lugonu
  1304 | D:2      | Found a glowing silver altar of Zin.
  1304 | D:2      | Found an opulent altar of Gozag.
  1409 | D:2      | Reached XP level 3. HP: 27/29 MP: 3/5
  1511 | D:2      | Reached skill level 4 in Fighting
  1907 | D:2      | Gained mutation: You are mostly covered in molten scales (AC +3, EV -1). [demonic ancestry]
  1907 | D:2      | Reached XP level 4. HP: 33/37 MP: 6/6
  2596 | D:3      | Found a blossoming altar of Fedhas.
  2637 | D:3      | Noticed Ijyb
  2738 | D:4      | Killed Ijyb
  2738 | D:4      | Reached ** piety under Lugonu
  2738 | D:4      | Reached skill level 1 in Polearms
  2869 | D:3      | Gained mutation: You are completely covered in molten scales (AC +4, EV -1, rF+). [demonic ancestry]
  2869 | D:3      | Reached XP level 5. HP: 42/42 MP: 7/7
  2942 | D:3      | Noticed Robin
  3107 | D:3      | Noticed Terence
  3114 | D:3      | Killed Terence
  3741 | D:4      | Noticed an ogre
  3777 | D:3      | Killed an ogre
  3777 | D:3      | Gained mutation: You regenerate a little health from kills. [demonic ancestry]
  3777 | D:3      | Reached XP level 6. HP: 31/49 MP: 8/8
  3910 | D:4      | Reached *** piety under Lugonu
  4027 | D:4      | Killed Robin
  4039 | D:4      | Noticed an ogre
  4057 | D:4      | Killed an ogre
  4057 | D:4      | Gained mutation: You have a pair of small antennae on your head. [demonic ancestry]
  4057 | D:4      | Reached XP level 7. HP: 15/55 MP: 9/9
  4392 | D:4      | Reached skill level 5 in Armour
  4762 | D:4      | Noticed a phantom
  4852 | D:4      | Killed a phantom
  4979 | D:5      | Entered Level 5 of the Dungeon
  4981 | D:5      | Noticed Sigmund
  5005 | D:5      | Killed Sigmund
  5005 | D:5      | Reached skill level 5 in Fighting
  5012 | D:5      | Reached XP level 8. HP: 62/62 MP: 10/10
  5067 | D:5      | Reached skill level 6 in Armour
  5190 | D:5      | Noticed Prince Ribbit
  5218 | D:5      | Killed Prince Ribbit
  5264 | D:5      | Reached **** piety under Lugonu
  5702 | D:5      | Reached skill level 7 in Armour
  5760 | D:5      | Found a shimmering altar of Xom.
  5969 | D:6      | Reached skill level 1 in Stealth
  6577 | D:6      | Gained mutation: You sometimes gain a little power by taking damage. [demonic ancestry]
  6577 | D:6      | Reached XP level 9. HP: 57/69 MP: 11/11
  6650 | D:6      | Reached ***** piety under Lugonu
  6957 | D:6      | Reached skill level 8 in Armour
  7201 | D:7      | Found a staircase to the Ecumenical Temple.
  7276 | D:7      | Noticed Menkaure
  7294 | D:7      | Killed Menkaure
  7817 | D:7      | Found a bloodstained altar of Trog.
  7817 | D:7      | Found a glowing golden altar of the Shining One.
  7876 | D:7      | Noticed Joseph
  7902 | D:7      | Killed Joseph
  7902 | D:7      | Reached skill level 9 in Armour
  8096 | D:8      | Found a basalt altar of Yredelemnul.
  8185 | D:8      | Noticed Erolcha
  8192 | D:8      | Paralysed by Erolcha for 4 turns
  8199 | D:8      | HP: 2/71 [Erolcha/giant spiked club (26)]
  8200 | D:8      | Slain by Erolcha

Action                   |  1- 3 |  4- 6 |  7- 9 || total
-------------------------+-------+-------+-------++-------
Melee: Hand axe          |    25 |    13 |   182 ||   220
       Spear             |    56 |   212 |   394 ||   662
       Battleaxe         |       |       |    96 ||    96
Throw: Tomahawk          |       |       |     4 ||     4
Invok: Depart the Abyss  |     1 |       |       ||     1
  Use: Scroll            |     1 |     2 |    20 ||    23
       Potion            |       |       |     2 ||     2
 Stab: Sleeping          |     2 |       |       ||     2
       Invisible         |       |       |     3 ||     3
  Eat: Fruit             |     5 |       |       ||     5
       Chunk             |       |     6 |    15 ||    21
